[Event "Titled Tuesday Blitz June 27 Early 2023"]
[White "campochess"]
[Black "Rios Escobar, Adan"]
[BlackFideId "3403645"]
[WhiteElo "2163"]
[BlackElo "2401"]
[Result "0-1"]
[Round "11"]
[TimeControl "180+2"]
[Date "2023.06.27"]
[WhiteClock "0:01:04"]
[BlackClock "0:01:55"]
[Board "117"]

1. e4 c5 2. Na3 d5 3. exd5 Nf6 4. Bb5+ Nbd7 5. c4 a6 6. Bxd7+ Bxd7 7. Nf3 e6 8. Qe2 Bd6 9. O-O O-O 10. dxe6 Bxe6 11. d3 Re8 12. Qd1 h6 13. Nc2 Qc7 14. h3 Rad8 15. Ne3 Bf4 16. Qb3 b5 17. Qc2 b4 18. a3 a5 19. axb4 axb4 20. Rd1 Qc6 21. Nd5 Bxd5 22. cxd5 Nxd5 23. d4 c4 24. Bxf4 Nxf4 25. Qf5 g5 26. Ne5 Qxg2# 0-1


[Site "https://www.chess.com"]

[Event "Titled Tuesday Blitz June 27 Early 2023"]
[White "Wesolowska, Hanna"]
[Black "Fajdetic, Hrvoje"]
[WhiteFideId "1104683"]
[BlackFideId "14501945"]
[WhiteElo "2139"]
[BlackElo "2320"]
[Result "0-1"]
[Round "11"]
[TimeControl "180+2"]
[Date "2023.06.27"]
[WhiteClock "0:00:55"]
[BlackClock "0:00:11"]
[Board "118"]

1. e4 c5 2. Nc3 g6 3. g3 Bg7 4. d3 e5 5. Be3 d6 6. Qd2 h5 7. Bg2 Nc6 8. Nd5 Nge7 9. c3 b5 10. Ne2 b4 11. O-O a5 12. f4 a4 13. f5 Nxd5 14. exd5 bxc3 15. bxc3 Na5 16. f6 Bxf6 17. Rxf6 Qxf6 18. Bg5 Qg7 19. d4 f6 20. Be3 Nc4 21. Qd3 Nxe3 22. Qxe3 O-O 23. dxc5 dxc5 24. Qxc5 Ba6 25. c4 Rac8 26. Qb6 Bxc4 27. Rc1 Qh6 28. Qe6+ Kh8 29. Kf2 Rce8 30. Rxc4 Rxe6 31. dxe6 f5 32. e7 Re8 33. Rc7 Qg7 34. Bd5 Rxe7 35. Rc8+ Kh7 36. Ng1 e4 37. Nh3 Qd4+ 38. Kg2 Qxd5 39. Ng5+ Kg7 40. h4 e3+ 41. Kh3 Qh1# 0-1


[Site "https://www.chess.com"]

[Event "Titled Tuesday Blitz June 27 Early 2023"]
[White "Sarkar, Justin"]
[Black "Floresvillar Gonzalez, Luis Migu"]
[WhiteFideId "2010011"]
[BlackFideId "5100542"]
[WhiteElo "2275"]
[BlackElo "2114"]
[Result "1-0"]
[Round "11"]
[TimeControl "180+2"]
[Date "2023.06.27"]
[WhiteClock "0:00:02"]
[BlackClock "0:00:00"]
[Board "119"]

1. d4 Nf6 2. c4 b6 3. Nc3 Bb7 4. Nf3 e6 5. Bg5 Bb4 6. Nd2 Bxc3 7. bxc3 h6 8. Bh4 g5 9. Bg3 d6 10. e3 Ne4 11. Nxe4 Bxe4 12. h4 Nd7 13. f3 Bg6 14. hxg5 Qxg5 15. Bf4 Qf6 16. Bxh6 O-O-O 17. g4 Bc2 18. Qxc2 Rxh6 19. Rxh6 Qxh6 20. Qf2 Rh8 21. O-O-O Qh2 22. Rd2 Qxf2 23. Rxf2 Rh1 24. g5 Kd8 25. Kd2 Ke7 26. f4 c5 27. Ke2 e5 28. Kf3 f6 29. Kg2 Rh8 30. g6 exf4 31. exf4 f5 32. Kf3 Rg8 33. Rg2 Kf6 34. Bd3 Rxg6 35. Re2 1-0


[Site "https://www.chess.com"]

[Event "Titled Tuesday Blitz June 27 Early 2023"]
[White "Georg, Heinz"]
[Black "Tarnowska, Aleksandra"]
[WhiteFideId "4607295"]
[BlackFideId "1180967"]
[WhiteElo "2267"]
[BlackElo "2151"]
[Result "1-0"]
[Round "11"]
[TimeControl "180+2"]
[Date "2023.06.27"]
[WhiteClock "0:00:24"]
[BlackClock "0:00:01"]
[Board "120"]

1. e4 c5 2. Nf3 e6 3. b3 d5 4. exd5 Qxd5 5. Nc3 Qd6 6. Bb5+ Bd7 7. O-O Nf6 8. d4 cxd4 9. Qxd4 Qxd4 10. Nxd4 a6 11. Bxd7+ Nbxd7 12. Re1 Bb4 13. Bd2 O-O 14. a3 Bc5 15. Nf3 Rfd8 16. b4 Ba7 17. Bg5 h6 18. Bh4 Rac8 19. Ne4 Rxc2 20. Rad1 Rdc8 21. Nd6 R8c3 22. Nxb7 Rxa3 23. Ne5 Nxe5 24. Rxe5 Raa2 25. Nc5 g5 26. Bg3 Nh5 27. Rf1 Nxg3 28. hxg3 a5 29. Nd3 Ra3 30. Rd1 axb4 31. Nxb4 Rxf2 32. Kh2 Rb3 33. Nc6 Rbb2 34. Nxa7 Rxg2+ 35. Kh3 Rh2+ 36. Kg4 f5+ 37. Kf3 Rhf2+ 38. Ke3 Rfe2+ 39. Kd4 Rb4+ 40. Kc5 Ree4 41. Rxe4 Rxe4 42. Nc6 Re2 43. Kd6 e5 44. Ke6 f4 45. Kf6 fxg3 46. Rd8+ Kh7 47. Rd7+ Kg8 48. Kg6 Rf2 49. Ne7+ Kf8 50. Nf5 g2 51. Rd8# 1-0


[Site "https://www.chess.com"]

[Event "Titled Tuesday Blitz June 27 Early 2023"]
[White "Semenova, Alina"]
[Black "Flis, Pawel"]
[WhiteFideId "24113875"]
[BlackFideId "1112864"]
[WhiteElo "2064"]
[BlackElo "2124"]
[Result "1/2-1/2"]
[Round "11"]
[TimeControl "180+2"]
[Date "2023.06.27"]
[WhiteClock "0:01:08"]
[BlackClock "0:00:23"]
[Board "121"]

1. e4 c5 2. Nf3 d6 3. d4 Nf6 4. Nc3 cxd4 5. Nxd4 a6 6. Be3 e5 7. Nb3 Be6 8. f3 Be7 9. Qd2 Nbd7 10. O-O-O b5 11. g4 O-O 12. g5 Nh5 13. Nd5 Bxd5 14. exd5 Nf4 15. Bxf4 exf4 16. h4 f6 17. Qd3 Ne5 18. Qe4 Rc8 19. Nd4 Qc7 20. Ne6 Qa5 21. Kb1 Rf7 22. Bh3 Rc4 23. Qe2 Ra4 24. Nd4 Rxa2 25. Nb3 Qa4 26. Be6 Nc4 27. Bxf7+ Kxf7 28. Qe6+ Kf8 29. Rhe1 Rxb2+ 30. Kc1 Rxc2+ 31. Kxc2 Qa2+ 32. Kd3 Qxb3+ 33. Ke2 Ne5 34. Rc1 Qe3+ 35. Kf1 Qxf3+ 36. Kg1 Qg3+ 37. Kh1 Qxh4+ 38. Kg2 Qg3+ 39. Kh1 Qh4+ 40. Kg2 Qg3+ 41. Kh1 Qf3+ 42. Kg1 Qg3+ 43. Kh1 1/2-1/2


[Site "https://www.chess.com"]

[Event "Titled Tuesday Blitz June 27 Early 2023"]
[White "deloewre"]
[Black "Ajavon, Anthony Obieni"]
[BlackFideId "12600784"]
[WhiteElo "2124"]
[BlackElo "2007"]
[Result "1-0"]
[Round "11"]
[TimeControl "180+2"]
[Date "2023.06.27"]
[WhiteClock "0:01:14"]
[BlackClock "0:00:00"]
[Board "122"]

1. d4 Nf6 2. c4 g6 3. Nf3 Bg7 4. g3 d6 5. Bg2 O-O 6. O-O Nc6 7. d5 Ne5 8. Nxe5 dxe5 9. e4 e6 10. Nc3 exd5 11. cxd5 h6 12. h3 Ne8 13. b3 Nd6 14. Ba3 f5 15. exf5 gxf5 16. Qe2 Qf6 17. Nb5 Nxb5 18. Qxb5 Rd8 19. Rac1 Qb6 20. Qc5 Qxc5 21. Bxc5 Bd7 22. Be3 Rac8 23. Rfd1 c6 24. Bxa7 Ra8 25. Bb6 Rdc8 26. a4 e4 27. d6 Re8 28. Bf1 Kh7 29. Bc4 1-0


[Site "https://www.chess.com"]

[Event "Titled Tuesday Blitz June 27 Early 2023"]
[White "Guevara Sanchez, Erick Marvin"]
[Black "Latreche, Khadidja"]
[WhiteFideId "6700136"]
[BlackFideId "7901780"]
[WhiteElo "2000"]
[BlackElo "2113"]
[Result "0-1"]
[Round "11"]
[TimeControl "180+2"]
[Date "2023.06.27"]
[WhiteClock "0:00:44"]
[BlackClock "0:00:24"]
[Board "123"]

1. e4 c5 2. Nf3 e6 3. d4 cxd4 4. c3 dxc3 5. Nxc3 Nc6 6. Bc4 Bc5 7. O-O Nge7 8. Nd5 O-O 9. Bg5 exd5 10. exd5 Na5 11. Qd3 d6 12. Rfe1 f6 13. Bf4 Nxc4 14. Qxc4 Bg4 15. Nd4 Bxd4 16. Qxd4 Bf5 17. Rac1 Qd7 18. h3 b6 19. Qb4 Rfd8 20. Qb3 Rac8 21. Rcd1 Bg6 22. Rd2 Bf7 23. g4 Rc5 24. Red1 Qb7 25. Qa3 Nxd5 26. b4 Nxf4 27. bxc5 Qg2# 0-1


[Site "https://www.chess.com"]

[Event "Titled Tuesday Blitz June 27 Early 2023"]
[White "Winkels, Marcel"]
[Black "Skiadopoulos, Nikolaos"]
[WhiteFideId "1003887"]
[BlackFideId "4200772"]
[WhiteElo "2105"]
[BlackElo "1924"]
[Result "0-1"]
[Round "11"]
[TimeControl "180+2"]
[Date "2023.06.27"]
[WhiteClock "0:00:00"]
[BlackClock "0:01:04"]
[Board "124"]

1. e4 c5 2. Nf3 Nc6 3. Bb5 Na5 4. O-O a6 5. Be2 b5 6. d4 cxd4 7. Nxd4 e5 8. Nf5 d5 9. Nc3 d4 10. Nd5 Bxf5 11. Bf3 Be6 12. Bd2 Nf6 13. c3 Nc4 14. Bg5 Be7 15. Bxf6 Bxf6 16. Nxf6+ Qxf6 17. cxd4 exd4 18. e5 Qd8 19. Bxa8 Qxa8 20. Qxd4 O-O 21. b3 Rd8 22. Qc3 Nb6 23. Rfd1 Nd5 24. Qd4 Rc8 25. Rac1 Rxc1 26. Rxc1 g6 27. Rc5 Kg7 28. g3 Ne7 29. Rc2 Nf5 30. Qa1 h5 31. Rd2 Qe4 32. h4 Kh7 33. Qc1 Qxe5 34. Rd8 Nd4 35. Qd1 Ne2+ 36. Kf1 Bh3+ 37. Ke1 Nc3+ 0-1


[Site "https://www.chess.com"]

[Event "Titled Tuesday Blitz June 27 Early 2023"]
[White "GAO"]
[Black "Vargas, Mauricio"]
[BlackFideId "4404572"]
[WhiteElo "2355"]
[BlackElo "1838"]
[Result "1-0"]
[Round "11"]
[TimeControl "180+2"]
[Date "2023.06.27"]
[WhiteClock "0:01:24"]
[BlackClock "0:00:00"]
[Board "125"]

1. b3 e5 2. Bb2 Nc6 3. Nf3 d6 4. d4 e4 5. Nfd2 f5 6. e3 Nf6 7. f3 exf3 8. Qxf3 g6 9. Bd3 Bg7 10. O-O O-O 11. c4 Nb4 12. Qe2 Re8 13. Nc3 Ng4 14. Nd1 Nxd3 15. Qxd3 Qh4 16. h3 Nf6 17. d5 Bd7 18. Nf3 Qg3 19. Nf2 f4 20. Nh1 Rxe3 21. Qxe3 Qxg2+ 22. Kxg2 fxe3 23. Rae1 1-0


[Site "https://www.chess.com"]

[Event "Titled Tuesday Blitz June 27 Early 2023"]
[White "Kopacz, Grzegorz"]
[Black "Mangialardo, Tiago Carvalho"]
[WhiteFideId "1109880"]
[BlackFideId "2130718"]
[WhiteElo "2193"]
[BlackElo "2123"]
[Result "1-0"]
[Round "11"]
[TimeControl "180+2"]
[Date "2023.06.27"]
[WhiteClock "0:00:17"]
[BlackClock "0:00:00"]
[Board "126"]

1. d4 Nf6 2. c4 c5 3. d5 g6 4. Nc3 Bg7 5. Nf3 d6 6. Bg5 O-O 7. e3 h6 8. Bh4 e6 9. Nd2 exd5 10. cxd5 a6 11. a4 Qb6 12. Nc4 Qb4 13. Bg3 Nh5 14. Bxd6 Bxc3+ 15. bxc3 Qxc3+ 16. Nd2 Rd8 17. Rc1 Qa5 18. Rxc5 Qb6 19. Nc4 Qb4+ 20. Qd2 Qb1+ 21. Qd1 Qxd1+ 22. Kxd1 Nd7 23. Rc7 b5 24. Nb2 Nb6 25. e4 Rxd6 26. a5 Nd7 27. f3 Ne5 28. Be2 g5 29. g3 Ng7 30. Kd2 Ne8 31. Rc2 Bd7 32. Rhc1 Nf6 33. Rc7 Kf8 34. Nd1 Ke7 35. Ne3 Ng8 36. Nf5+ Kf6 37. Nxd6 Ne7 38. f4 gxf4 39. gxf4 N5g6 40. Rxd7 Nxf4 41. e5+ Kxe5 42. Rxe7+ Kxd6 43. Rxf7 Nxd5 44. Bd3 Rg8 45. Re1 Rg2+ 46. Re2 1-0